[Event "Titled Tuesday Blitz June 13 Late 2023"]
[White "Korchmar, Vasiliy"]
[Black "Prydun, Andriy"]
[WhiteFideId "24131750"]
[BlackFideId "14145898"]
[WhiteElo "2370"]
[BlackElo "2164"]
[Result "1-0"]
[Round "5"]
[TimeControl "180+2"]
[Date "2023.06.13"]
[WhiteClock "0:00:08"]
[BlackClock "0:00:00"]
[Board "66"]

1. e4 c6 2. d4 d5 3. e5 Bf5 4. Nd2 e6 5. Nb3 Nd7 6. Nf3 f6 7. Bd3 Bg4 8. h3 Bh5 9. exf6 Ngxf6 10. Bf4 c5 11. dxc5 e5 12. g4 exf4 13. gxh5 Bxc5 14. Qd2 Qe7+ 15. Kf1 O-O 16. Re1 Ne4 17. Bxe4 dxe4 18. Qd5+ Qf7 19. Qxf7+ Rxf7 20. Rxe4 Bd6 21. Kg2 Nf6 22. Re6 Bc7 23. h6 gxh6 24. Rd1 Re8 25. Nc5 Bb6 26. Rxe8+ Nxe8 27. Ne6 Rf6 28. Nfd4 f3+ 29. Kg3 Ng7 30. Re1 Nh5+ 31. Kg4 Bxd4 32. Nxd4 Rf4+ 33. Kxh5 Rxd4 34. Kxh6 Rd2 35. Re7 Rxf2 36. Rxb7 Rxc2 37. Rb3 Rc6+ 38. Kg5 Rg6+ 39. Kf5 f2 40. Rf3 Rg7 41. Ke6 Rg6+ 42. Ke5 Rg2 43. b4 Rh2 44. a4 Rxh3 45. Rxf2 Rb3 46. Rf4 Ra3 47. a5 Rb3 48. Kd5 Kg7 49. Kc5 Rc3+ 50. Kb5 Rc7 51. Ka6 Kg6 52. b5 Kg5 53. Rf8 h5 54. Ra8 h4 55. Rxa7 Rxa7+ 56. Kxa7 h3 57. b6 h2 58. b7 h1=Q 59. b8=Q Qg1+ 60. Qb6 Qa1 61. a6 Kf5 62. Qc5+ Ke6 63. Qc6+ Ke7 64. Kb7 Qb2+ 65. Qb6 Qg2+ 66. Kb8 Kd7 67. Qb7+ 1-0


[Site "https://www.chess.com"]

[Event "Titled Tuesday Blitz June 13 Late 2023"]
[White "Gomez Ledo, Roberto Carlos"]
[Black "Seresin, Francesco"]
[WhiteFideId "3507076"]
[BlackFideId "886335"]
[WhiteElo "2378"]
[BlackElo "2219"]
[Result "1-0"]
[Round "5"]
[TimeControl "180+2"]
[Date "2023.06.13"]
[WhiteClock "0:01:21"]
[BlackClock "0:00:14"]
[Board "67"]

1. d4 d5 2. Bf4 Nf6 3. e3 e6 4. Nd2 Bd6 5. Bg3 O-O 6. Bd3 c5 7. c3 Qc7 8. dxc5 Qxc5 9. Ngf3 Qc7 10. e4 Bxg3 11. hxg3 Nc6 12. Qe2 dxe4 13. Nxe4 Nxe4 14. Qxe4 f5 15. Qh4 g6 16. Ng5 Ne5 17. Bc2 h5 18. O-O Kg7 19. Bb3 Ng4 20. Bxe6 Rf6 21. Bb3 Bd7 22. Rfe1 Qc5 23. Nh3 Bc6 24. Re2 a5 25. Rae1 1-0


[Site "https://www.chess.com"]

[Event "Titled Tuesday Blitz June 13 Late 2023"]
[White "Kornyukov, Alexey"]
[Black "Bjelobrk, Igor"]
[WhiteFideId "4150457"]
[BlackFideId "4300726"]
[WhiteElo "2352"]
[BlackElo "2319"]
[Result "0-1"]
[Round "5"]
[TimeControl "180+2"]
[Date "2023.06.13"]
[WhiteClock "0:00:00"]
[BlackClock "0:00:45"]
[Board "68"]

1. d4 e6 2. c4 f5 3. g3 Nf6 4. Bg2 Bb4+ 5. Kf1 Be7 6. Nc3 d5 7. cxd5 exd5 8. Nf3 c6 9. h3 O-O 10. Bf4 Ne4 11. h4 Nd7 12. Kg1 Ndf6 13. Ne5 Be6 14. f3 Nd6 15. Kf2 Nh5 16. e3 Rc8 17. Qd3 a6 18. Rac1 Bf6 19. b3 Qe8 20. Bh3 h6 21. g4 Bxh4+ 22. Ke2 Nxf4+ 23. exf4 Bg3 24. Rcg1 Bxf4 25. gxf5 Nxf5 26. Kd1 Ne3+ 27. Ke2 Rf6 28. Bxe6+ Qxe6 0-1


[Site "https://www.chess.com"]

[Event "Titled Tuesday Blitz June 13 Late 2023"]
[White "Adury, Anant"]
[Black "Horvath, Dominik"]
[WhiteFideId "30964687"]
[BlackFideId "1642561"]
[WhiteElo "2353"]
[BlackElo "2407"]
[Result "0-1"]
[Round "5"]
[TimeControl "180+2"]
[Date "2023.06.13"]
[WhiteClock "0:01:19"]
[BlackClock "0:00:49"]
[Board "69"]

1. Nf3 Nf6 2. g3 b6 3. Bg2 Bb7 4. O-O e6 5. c4 Be7 6. d4 O-O 7. Nc3 Ne4 8. Nxe4 Bxe4 9. b3 d6 10. Bb2 Nd7 11. Qd2 h6 12. e3 a5 13. a3 c6 14. Ne1 Bxg2 15. Kxg2 d5 16. Nf3 Bd6 17. Qc2 Nf6 18. cxd5 cxd5 19. Rac1 Ne4 20. Nd2 f5 21. f3 Nf6 22. e4 fxe4 23. fxe4 Ng4 24. Qd3 Qg5 25. Rce1 Rxf1 26. Nxf1 Rf8 27. Re2 Qf6 28. Rc2 0-1


[Site "https://www.chess.com"]

[Event "Titled Tuesday Blitz June 13 Late 2023"]
[White "Siddharth, Jagadeesh"]
[Black "Koutlas, Nikolaos"]
[WhiteFideId "5818320"]
[BlackFideId "25827138"]
[WhiteElo "2303"]
[BlackElo "2215"]
[Result "1-0"]
[Round "5"]
[TimeControl "180+2"]
[Date "2023.06.13"]
[WhiteClock "0:00:33"]
[BlackClock "0:00:35"]
[Board "70"]

1. e4 c5 2. Nf3 Nc6 3. Bb5 g6 4. O-O Bg7 5. c3 Nf6 6. Re1 O-O 7. d4 d5 8. e5 Ne4 9. Be3 cxd4 10. cxd4 Bd7 11. Bxc6 Bxc6 12. Nfd2 f6 13. Nxe4 dxe4 14. Nc3 fxe5 15. d5 Bd7 16. Nxe4 Rc8 17. Qb3 b6 18. Bg5 Bf6 19. d6+ Kg7 20. dxe7 Bxe7 21. Rad1 Bxg5 22. Nxg5 Qxg5 23. Rxd7+ Kh8 24. Qh3 h5 25. Rxa7 Qd2 26. Qe3 Qxe3 27. fxe3 Rc2 28. Rd1 Rxb2 29. h4 Rc8 30. Rdd7 Re2 31. Rh7+ Kg8 32. Rag7+ Kf8 33. Rf7+ Kg8 34. Rfg7+ Kf8 35. Rxg6 Rc1+ 36. Kh2 Rc4 37. Rxh5 Rxe3 38. Rxb6 Kf7 39. Rh7+ Kg8 40. Rbb7 Re2 41. Rhg7+ Kf8 42. Rh7 Kg8 43. Rbg7+ Kf8 44. Ra7 Kg8 45. Rh5 Ree4 46. g3 Re2+ 47. Kh3 e4 48. Re5 Kf8 49. Rd5 Rc8 50. Rf5+ Kg8 51. Re5 e3 52. Ra3 Rcc2 53. Rexe3 Rh2+ 54. Kg4 Rc4+ 55. Kf3 Rcc2 56. Ra7 Kf8 57. Rd3 Rhf2+ 58. Kg4 Ke8 59. Re3+ Kf8 60. Rf3+ Rxf3 61. Kxf3 1-0


[Site "https://www.chess.com"]

[Event "Titled Tuesday Blitz June 13 Late 2023"]
[White "Papasimakopoulos, Alexandros"]
[Black "Santos Flores, Alberto"]
[WhiteFideId "4244125"]
[BlackFideId "3601234"]
[WhiteElo "2359"]
[BlackElo "2235"]
[Result "1-0"]
[Round "5"]
[TimeControl "180+2"]
[Date "2023.06.13"]
[WhiteClock "0:00:15"]
[BlackClock "0:00:02"]
[Board "71"]

1. d4 d5 2. c4 c6 3. cxd5 cxd5 4. Bf4 Nc6 5. e3 Nf6 6. Nc3 Bf5 7. Qb3 Na5 8. Qa4+ Bd7 9. Qc2 e6 10. Nf3 Rc8 11. Bd3 Be7 12. h3 b5 13. a3 h6 14. O-O O-O 15. Ne5 Nc4 16. Qe2 a6 17. a4 Be8 18. axb5 Bxb5 19. Nxb5 axb5 20. b3 Nd6 21. Bxb5 Qb6 22. Ba4 Nde4 23. Rfc1 Qb7 24. Qb5 Rb8 25. Qxb7 Rxb7 26. Rc2 Ra8 27. Rac1 Ba3 28. Rc8+ Rxc8 29. Rxc8+ Kh7 30. f3 Nd2 31. Rc3 g5 32. Bg3 Bb4 33. Rc2 Ba5 34. Nc6 Nxb3 35. Bxb3 Rxb3 36. Nxa5 Rxe3 37. Nc6 Nh5 38. Bf2 Rd3 39. Rc1 Kg7 40. Ne5 Rd2 41. g3 f6 42. Rc7+ Kg8 43. Nf7 Ng7 44. Nxh6+ Kh7 45. Ng4 Kg6 46. Rc6 Rd1+ 47. Kg2 Rd2 48. Kf1 Ra2 49. Ne3 Ra1+ 50. Kg2 Ra2 51. Nc2 Nf5 52. g4 Ng7 53. Nb4 Rb2 54. Na6 Kf7 55. Nc5 Rd2 56. Rc7+ Kf8 57. Kf1 Rd1+ 58. Ke2 Rh1 59. Bg3 Rxh3 60. Bd6+ Kg8 61. Be7 Kf7 62. Bd8+ Kg6 63. Re7 Rh2+ 64. Ke3 f5 65. Nxe6 f4+ 66. Kd3 Nxe6 67. Rxe6+ Kf7 68. Re2 Rh3 69. Rf2 Kg6 70. Ke2 Rh1 71. Bc7 Ra1 72. Be5 Ra2+ 73. Kf1 Ra3 74. Kg2 Rd3 75. Rb2 Kf7 76. Kf2 Rc3 77. Rb7+ Ke6 78. Rb6+ Kf7 79. Rf6+ Ke7 80. Rg6 Rc2+ 81. Ke1 Rc3 82. Ke2 Rc2+ 83. Kd3 Rf2 84. Rxg5 Rxf3+ 85. Ke2 Re3+ 86. Kf2 Re4 87. Kf3 Ke6 88. Rg6+ Kf7 89. Rf6+ Ke7 90. Rxf4 Re1 91. g5 Rf1+ 92. Kg4 Ke6 93. Rxf1 1-0


[Site "https://www.chess.com"]

[Event "Titled Tuesday Blitz June 13 Late 2023"]
[White "Tristan, Leonardo"]
[Black "Ai, Evan"]
[WhiteFideId "113816"]
[BlackFideId "2094770"]
[WhiteElo "2461"]
[BlackElo "1963"]
[Result "1-0"]
[Round "5"]
[TimeControl "180+2"]
[Date "2023.06.13"]
[WhiteClock "0:00:16"]
[BlackClock "0:00:02"]
[Board "72"]

1. d4 Nf6 2. Nf3 e6 3. Bf4 d5 4. e3 c5 5. Nbd2 Nc6 6. c3 Nh5 7. Bg5 f6 8. Bh4 cxd4 9. exd4 Bd6 10. Bd3 Nf4 11. Bf1 O-O 12. Bg3 e5 13. Bxf4 exf4 14. Bd3 Ne7 15. O-O Bf5 16. Qc2 Qd7 17. Rfe1 Bxd3 18. Qxd3 Nf5 19. a4 Rfe8 20. Qb5 Qxb5 21. axb5 Kf7 22. Rxe8 Kxe8 23. Ne1 Kd7 24. Nd3 a5 25. Nb3 b6 26. Nd2 Re8 27. Kf1 g5 28. Re1 h5 29. Rxe8 Kxe8 30. Ke2 g4 31. b3 f3+ 32. gxf3 Bxh2 33. fxg4 hxg4 34. Nf1 Bd6 35. Ne3 Nxe3 36. Kxe3 Kd7 37. Nf4 Ba3 38. Nxd5 Bc1+ 39. Ke2 f5 40. Nxb6+ Kc7 41. Nc4 f4 42. Nxa5 g3 43. fxg3 fxg3 44. Nc4 Bg5 45. Kf3 Bh4 46. Ne3 Kb6 47. c4 Ka5 48. Nd5 g2 49. b4+ Ka4 50. Kxg2 Kb3 51. b6 Kxc4 52. b7 Kxd5 53. b8=Q Kxd4 54. Qf4+ Kc3 55. Qxh4 Kb3 56. b5 Ka3 57. b6 1-0


[Site "https://www.chess.com"]

[Event "Titled Tuesday Blitz June 13 Late 2023"]
[White "Fisher_TheGalactic"]
[Black "Rios Escobar, Adan"]
[BlackFideId "3403645"]
[WhiteElo "2697"]
[BlackElo "2485"]
[Result "0-1"]
[Round "5"]
[TimeControl "180+2"]
[Date "2023.06.13"]
[WhiteClock "0:00:00"]
[BlackClock "0:00:07"]
[Board "73"]

1. e4 c5 2. Nf3 d6 3. Bc4 Nf6 4. e5 dxe5 5. Nxe5 e6 6. O-O Bd6 7. f4 Nbd7 8. Qe2 O-O 9. d3 Nd5 10. g3 Qc7 11. Nxd7 Bxd7 12. Nd2 b5 13. Bb3 Bc6 14. c4 Nf6 15. Ne4 Be7 16. Bd2 Rad8 17. Rad1 a5 18. cxb5 Bxb5 19. Bc4 Bc6 20. Bc3 Nd5 21. Be5 Qb7 22. b3 f6 23. Ba1 Rfe8 24. Nc3 Bf8 25. Ne4 Kh8 26. Rfe1 Nb4 27. a3 Nd5 28. Qh5 Nb6 29. Nxf6 gxf6 30. Bxe6 Bg7 31. Bf5 h6 32. Qg6 Kg8 33. Bxf6 Qf7 34. Qh7+ Kf8 35. Bxd8 Rxd8 36. Be6 Bd4+ 37. Kf1 Qxh7 38. Bg4 Qg7 39. Be2 Nd5 40. Bf3 Ne3+ 41. Rxe3 Bxe3 42. Bxc6 Bd4 43. Bf3 Qe7 44. Kg2 Qe3 45. Rf1 Qd2+ 46. Kh3 Qxd3 47. Re1 Qf5+ 48. Bg4 Qc2 0-1


[Site "https://www.chess.com"]

[Event "Titled Tuesday Blitz June 13 Late 2023"]
[White "benny_aizenberg"]
[Black "Uzcategui Rodriguez, Alejandro"]
[BlackFideId "3903400"]
[WhiteElo "2670"]
[BlackElo "2252"]
[Result "1-0"]
[Round "5"]
[TimeControl "180+2"]
[Date "2023.06.13"]
[WhiteClock "0:00:38"]
[BlackClock "0:00:58"]
[Board "74"]

1. d4 d6 2. e4 Nf6 3. Nc3 e5 4. dxe5 dxe5 5. Qxd8+ Kxd8 6. Bc4 Be6 7. Bxe6 fxe6 8. f3 Bb4 9. Nh3 c6 10. Nf2 Bxc3+ 11. bxc3 Ke7 12. Nd3 Nbd7 13. Ba3+ Kf7 14. Bd6 b6 15. O-O-O c5 16. Nxe5+ Nxe5 17. Bxe5 Rhd8 18. Kb2 Nd7 19. Bc7 Ke7 20. Bxd8+ Kxd8 21. Rd2 Kc7 22. Rhd1 Ne5 23. Kb3 a5 24. a4 b5 25. axb5 a4+ 26. Ka2 Nc4 27. Rd7+ Kb6 28. Rxg7 Na5 29. Rxh7 Kxb5 30. g4 Kc4 31. Rd3 a3 32. g5 Rb8 33. Kxa3 Nc6 34. f4 Rb1 35. h4 Na5 36. g6 Kb5 37. Ka2 Rg1 38. h5 Rg2 39. Kb1 Rg1+ 40. Ka2 Rg2 41. g7 Rxc2+ 42. Kb1 Rg2 43. Rd8 Rg1+ 44. Kc2 Rg2+ 45. Kd1 Nc4 46. g8=Q Ne3+ 47. Kc1 1-0


[Site "https://www.chess.com"]

[Event "Titled Tuesday Blitz June 13 Late 2023"]
[White "Erzhanov, Arman"]
[Black "Sun, Rick"]
[WhiteFideId "4138821"]
[BlackFideId "30909481"]
[WhiteElo "2138"]
[BlackElo "2169"]
[Result "1-0"]
[Round "5"]
[TimeControl "180+2"]
[Date "2023.06.13"]
[WhiteClock "0:00:11"]
[BlackClock "0:00:07"]
[Board "75"]

1. e4 d6 2. d4 Nf6 3. Nc3 Nbd7 4. Nge2 e5 5. h3 Be7 6. g4 c6 7. Bg2 O-O 8. a4 Qc7 9. O-O Re8 10. f4 exd4 11. Nxd4 Nc5 12. Re1 Bf8 13. g5 Nfd7 14. Nde2 a5 15. Ng3 Nb6 16. b3 Bd7 17. Be3 d5 18. exd5 Rxe3 19. Rxe3 Qxf4 20. Qf3 Qxg5 21. Rf1 f6 22. dxc6 Bxc6 23. Qf4 Qg6 24. Bxc6 bxc6 25. Kh2 Qxc2+ 26. Rf2 Nd3 27. Rxc2 Nxf4 28. Nce4 Nfd5 29. Re1 Nb4 30. Rd2 N6d5 31. Nf5 g6 32. Ne3 Kf7 33. Rf2 f5 34. Ng5+ Kg8 35. Nc4 Bh6 36. h4 Bg7 37. h5 Bh6 38. Rg1 Re8 39. hxg6 hxg6 40. Nf3 Kh7 41. Nfe5 Nf4 42. Kg3 Nfd3 43. Nxd3 Nxd3 44. Rh2 Kg7 45. Rgh1 Bf4+ 46. Kf3 Bxh2 47. Rxh2 Ne1+ 48. Kf2 Nd3+ 49. Kf3 g5 50. Rd2 g4+ 51. Kg3 Nc5 52. Kf4 Kf6 53. Rd6+ Ne6+ 54. Kg3 Rh8 55. Rxc6 Rh3+ 56. Kg2 f4 57. Nd2 f3+ 58. Kf1 Rh1+ 59. Kf2 Rh2+ 60. Ke3 Re2+ 61. Kd3 Re5 62. Ne4+ Kf5 63. Nd6+ Kf4 64. Rc4+ Kg3 65. Ne4+ Kh3 66. Rc1 Rxe4 67. Kxe4 Ng5+ 68. Kf4 Ne6+ 69. Ke3 Kg2 70. Rc2+ Kg3 71. Rc1 Nf4 72. Rg1+ Ng2+ 73. Ke4 f2 74. Rf1 Nf4 75. Ke3 Nd5+ 76. Ke2 Nf4+ 77. Ke3 Nh3 78. b4 Kg2 79. Rxf2+ Nxf2 80. bxa5 Nd1+ 81. Kd2 Kf2 82. a6 g3 83. a7 g2 84. a8=Q g1=Q 85. Qa7+ Kf1 86. Qxg1+ Kxg1 87. Kxd1 Kf2 88. Kd2 Kf3 89. Kd3 Kf4 90. Kd4 Kf5 91. Kd5 Kf6 92. Kd6 Kf7 93. Kd7 Kf6 94. a5 Ke5 95. a6 Kd5 96. a7 Kc5 97. a8=Q Kb6 98. Qb8+ Ka6 99. Qc7 1-0


[Site "https://www.chess.com"]

[Event "Titled Tuesday Blitz June 13 Late 2023"]
[White "Zaitsev, Alexander"]
[Black "Kleiman, Jake"]
[WhiteFideId "4164490"]
[BlackFideId "2020041"]
[WhiteElo "2373"]
[BlackElo "2646"]
[Result "0-1"]
[Round "5"]
[TimeControl "180+2"]
[Date "2023.06.13"]
[WhiteClock "0:00:00"]
[BlackClock "0:00:17"]
[Board "76"]

1. e4 e5 2. Nc3 Nf6 3. Bc4 Nc6 4. d3 Na5 5. Qf3 Be7 6. Nge2 O-O 7. O-O d6 8. h3 c6 9. a4 Nxc4 10. dxc4 Be6 11. b3 Nd7 12. Ng3 g6 13. Nf5 Nc5 14. Bh6 Re8 15. Rad1 Qc7 16. h4 f6 17. Rd2 Kh8 18. Qg3 Nxe4 19. Bg7+ Kg8 20. Nxe4 Bxf5 21. Nxf6+ Bxf6 22. Bxf6 h6 23. Rfd1 Re6 24. c5 d5 25. Re1 Rxf6 26. Rxe5 Raf8 27. Rde2 Qg7 28. f3 R6f7 29. c3 h5 30. Qg5 Qf6 31. Qg3 Bc8 32. Rg5 Kh7 33. Qf2 Bf5 34. Qg3 Qxc3 35. Qd6 Qd4+ 36. Rf2 Qxh4 37. Rg3 Qe7 38. Qf4 Qe6 39. Qd4 Re7 40. Rg5 Qe1+ 41. Kh2 Qe3 42. Qd1 Qxg5 0-1


[Site "https://www.chess.com"]

[Event "Titled Tuesday Blitz June 13 Late 2023"]
[White "Sieciechowicz, Marcin"]
[Black "krucki03"]
[WhiteFideId "1130170"]
[WhiteElo "2301"]
[BlackElo "2469"]
[Result "1-0"]
[Round "5"]
[TimeControl "180+2"]
[Date "2023.06.13"]
[WhiteClock "0:01:15"]
[BlackClock "0:00:03"]
[Board "77"]

1. d4 Nf6 2. Bf4 g6 3. e3 Bg7 4. Nf3 O-O 5. Be2 d6 6. O-O Nbd7 7. h3 Re8 8. c3 e5 9. Bh2 h6 10. Nbd2 c6 11. Nc4 e4 12. Nfd2 d5 13. Nd6 Rf8 14. c4 Ne8 15. cxd5 cxd5 16. Rc1 Nb6 17. Nxc8 Rxc8 18. Rxc8 Qxc8 19. Qb3 Nf6 20. a4 Rd8 21. Bb5 Nbd7 22. Nb1 Nf8 23. Nc3 a6 24. Be2 Ne6 25. Rc1 Bf8 26. Be5 Bg7 27. a5 Ne8 28. Bh2 f5 29. Rc2 Qd7 30. Na4 Kh7 31. Nc5 Nxc5 32. Rxc5 Bf8 33. Rc2 Be7 34. Qb6 Rc8 35. Rxc8 Qxc8 36. Be5 Qd7 37. b4 Bd6 38. b5 Bxe5 39. dxe5 axb5 40. Bxb5 Qe7 41. Bxe8 Qxe8 42. Qxb7+ Kh8 43. a6 Qxe5 44. a7 Qa1+ 45. Kh2 Qe5+ 46. g3 1-0


[Site "https://www.chess.com"]

[Event "Titled Tuesday Blitz June 13 Late 2023"]
[White "SergioMoralesG"]
[Black "Vlassov, Nikolai"]
[BlackFideId "4103360"]
[WhiteElo "2468"]
[BlackElo "2324"]
[Result "0-1"]
[Round "5"]
[TimeControl "180+2"]
[Date "2023.06.13"]
[WhiteClock "0:00:00"]
[BlackClock "0:00:16"]
[Board "78"]

1. e4 c5 2. Nf3 d6 3. Bb5+ Nd7 4. c3 Nf6 5. d3 g6 6. O-O Bg7 7. Re1 O-O 8. d4 e5 9. dxe5 dxe5 10. Nbd2 a6 11. Bf1 b5 12. a4 b4 13. a5 Qe7 14. Nc4 Bb7 15. Qc2 Rad8 16. Bg5 h6 17. Bxf6 Nxf6 18. Nfd2 Rd7 19. f3 Rfd8 20. Nb3 Nh5 21. Rad1 Nf4 22. g3 Ne6 23. Nb6 Rxd1 24. Rxd1 Ng5 25. Kf2 f5 26. Bc4+ Kh8 27. Rxd8+ Qxd8 28. Bd5 Bxd5 29. exd5 bxc3 30. bxc3 c4 31. Nc5 e4 32. Ne6 Nxe6 33. dxe6 Qd6 34. Nxc4 Qxe6 35. Ne3 exf3 36. Kxf3 Qc6+ 37. Kf2 Qxc3 38. Qxc3 Bxc3 39. Nc4 Kg7 40. Ke3 Kf6 41. Kd3 Be1 42. Ke2 Bc3 43. Kd3 Bb4 44. Kd4 g5 45. Kd5 h5 46. Kd4 g4 47. Ke3 Kg5 48. Kd3 f4 0-1


[Site "https://www.chess.com"]

[Event "Titled Tuesday Blitz June 13 Late 2023"]
[White "ArtemDyachuk"]
[Black "marik_spb"]
[WhiteElo "2620"]
[BlackElo "2467"]
[Result "0-1"]
[Round "5"]
[TimeControl "180+2"]
[Date "2023.06.13"]
[WhiteClock "0:00:00"]
[BlackClock "0:00:03"]
[Board "79"]

1. e4 c6 2. d4 d5 3. Nc3 dxe4 4. Nxe4 Nf6 5. Nxf6+ exf6 6. c3 Bd6 7. Bd3 Na6 8. Qc2 Nc7 9. Ne2 h5 10. Bd2 Be6 11. O-O-O b5 12. Rhe1 Nd5 13. g3 Kf8 14. f4 Bg4 15. Be4 a5 16. Bf5 b4 17. c4 b3 18. axb3 Nb4 19. Bxb4 Bxb4 20. Rf1 a4 21. Bxg4 hxg4 22. d5 axb3 23. Qxb3 c5 24. Kb1 Qd7 25. Nc1 Rxh2 26. Rh1 Rh3 27. Qd3 Kg8 28. d6 g6 29. f5 Qxf5 30. Qxf5 gxf5 31. Ne2 Rd8 32. Nf4 Rxh1 33. Rxh1 Rxd6 34. Nd5 Bd2 35. Rf1 f4 36. gxf4 f5 37. Ne7+ Kf8 38. Nd5 g3 39. Rg1 Rg6 40. Rg2 Be1 41. Kc2 Bf2 42. Kd3 Re6 43. b4 cxb4 44. Nxb4 Re3+ 45. Kd2 Re4 46. Nd3 Be3+ 47. Kc3 Bxf4 48. Nxf4 Rxf4 49. Rxg3 Ke7 50. Kb4 Kd6 51. Kb5 Rg4 52. Rf3 f4 53. c5+ Ke5 54. c6 Ke4 55. c7 Rg8 56. Rc3 f3 57. Kb6 f5 58. Rc6 f2 59. Rc1 Kf3 60. Kb7 f4 0-1


[Site "https://www.chess.com"]

[Event "Titled Tuesday Blitz June 13 Late 2023"]
[White "ArchibaldCerveza29"]
[Black "Hajiyev, Kanan"]
[BlackFideId "13404148"]
[WhiteElo "2459"]
[BlackElo "2115"]
[Result "1-0"]
[Round "5"]
[TimeControl "180+2"]
[Date "2023.06.13"]
[WhiteClock "0:00:39"]
[BlackClock "0:00:06"]
[Board "80"]

1. e4 c6 2. d4 d5 3. exd5 cxd5 4. c4 Nf6 5. Nc3 e6 6. Nf3 Bb4 7. Bd3 dxc4 8. Bxc4 O-O 9. O-O Nc6 10. a3 Be7 11. Re1 b6 12. Qd3 Bb7 13. Bb3 Rc8 14. Bc2 Re8 15. d5 exd5 16. Bg5 Ne4 17. Nxe4 dxe4 18. Qxe4 g6 19. Qh4 Bxg5 20. Nxg5 h5 21. Bxg6 fxg6 22. Qc4+ Kg7 23. Qf7+ Kh6 24. h4 Rxe1+ 25. Rxe1 Qc7 26. Qf6 Qg7 27. Qf4 Rf8 28. Qe3 Qd4 29. Qxd4 Nxd4 30. Re7 Rh8 31. Nf7+ Kg7 32. Nxh8+ Kxh8 33. Rxb7 a5 34. Rxb6 Kg7 35. Ra6 Nf5 36. g3 1-0


[Site "https://www.chess.com"]

[Event "Titled Tuesday Blitz June 13 Late 2023"]
[White "Sztokbant, Bernardo Vainzoff"]
[Black "Dobrowolski, Piotr"]
[WhiteFideId "2115956"]
[BlackFideId "1106236"]
[WhiteElo "2222"]
[BlackElo "2305"]
[Result "1-0"]
[Round "5"]
[TimeControl "180+2"]
[Date "2023.06.13"]
[WhiteClock "0:00:36"]
[BlackClock "0:00:00"]
[Board "81"]

1. e4 c5 2. Nf3 e6 3. d4 cxd4 4. Nxd4 Nf6 5. Nc3 Nc6 6. Ndb5 Bb4 7. a3 Bxc3+ 8. Nxc3 d5 9. exd5 exd5 10. Bd3 O-O 11. O-O d4 12. Ne2 Bg4 13. f3 Bh5 14. Nf4 Bg6 15. Nxg6 hxg6 16. Qe1 Re8 17. Qh4 Ne5 18. Bg5 Nxd3 19. cxd3 Qb6 20. Rf2 Nd5 21. b4 f6 22. Bd2 Rac8 23. Rc1 Rxc1+ 24. Bxc1 Re1+ 25. Rf1 Rxf1+ 26. Kxf1 Qc6 27. Bd2 Qb6 28. Qe4 Nc7 29. Qxg6 Qa6 30. Qe4 Ne6 31. a4 Kf7 32. Qd5 Qxa4 33. Qxb7+ Kg6 34. Qe4+ Kf7 35. Ke2 Qb5 36. Qa8 a6 37. Qa7+ Kg6 38. Qe7 Qe5+ 39. Kf2 Qf5 40. Qe8+ Kh7 41. Ke2 Qe5+ 42. Kd1 Qf5 43. Qd7 Qe5 44. Qc6 f5 45. Qxa6 1-0


[Site "https://www.chess.com"]

[Event "Titled Tuesday Blitz June 13 Late 2023"]
[White "Bettalli, Francesco"]
[Black "Silva, Caio Henrique Angelico"]
[WhiteFideId "2816453"]
[BlackFideId "22777210"]
[WhiteElo "2216"]
[BlackElo "2096"]
[Result "1-0"]
[Round "5"]
[TimeControl "180+2"]
[Date "2023.06.13"]
[WhiteClock "0:00:24"]
[BlackClock "0:00:00"]
[Board "82"]

1. d4 Nf6 2. Nc3 d5 3. Bf4 a6 4. e3 Bf5 5. Bd3 Bxd3 6. Qxd3 e6 7. Nf3 c5 8. O-O Nc6 9. dxc5 Bxc5 10. Ne5 O-O 11. a3 Rc8 12. Nxc6 Rxc6 13. Rad1 Bd6 14. Bxd6 Qxd6 15. e4 Rfc8 16. exd5 exd5 17. Rd2 Rxc3 18. bxc3 Qxa3 19. Qf5 Qxc3 20. Rfd1 Re8 21. h3 g6 22. Qf4 Kg7 23. Kh2 b5 24. f3 a5 25. Qd6 a4 26. Qb6 b4 27. Rd4 b3 28. cxb3 axb3 29. R4d3 Qe5+ 30. Kg1 Rb8 31. Qf2 b2 32. Rb1 Qf5 33. Qc2 Nh5 34. Rd2 Qe5 35. Rxb2 Qe1+ 36. Kh2 Qg3+ 37. Kg1 Re8 38. Rd1 Nf4 39. Kh1 Re2 40. Qc3+ Kh6 41. Rxe2 Nxe2 42. Qe3+ Nf4 43. Qg1 g5 44. Ra1 Kg6 45. Ra6+ f6 46. Ra2 h5 47. Qb1+ Kf7 48. Ra7+ Ke6 49. Ra6+ Kf7 50. Qh7+ 1-0


[Site "https://www.chess.com"]

[Event "Titled Tuesday Blitz June 13 Late 2023"]
[White "Arnold, Ken"]
[Black "Fiorito, Francisco"]
[WhiteFideId "2056836"]
[BlackFideId "180165"]
[WhiteElo "2456"]
[BlackElo "2319"]
[Result "0-1"]
[Round "5"]
[TimeControl "180+2"]
[Date "2023.06.13"]
[WhiteClock "0:00:00"]
[BlackClock "0:00:22"]
[Board "83"]

1. d4 Nf6 2. Nf3 g6 3. Bg5 Bg7 4. c3 O-O 5. Nbd2 d6 6. e3 Nbd7 7. Bc4 h6 8. Bh4 b6 9. O-O Bb7 10. Re1 e5 11. dxe5 dxe5 12. Qc2 Kh7 13. Rad1 Qe7 14. Bg3 Rad8 15. b4 e4 16. Nd4 Ne5 17. b5 Nh5 18. Be2 Nxg3 19. hxg3 Nd7 20. a4 Nc5 21. N2b3 h5 22. a5 Bd5 23. c4 Ba8 24. axb6 axb6 25. Nxc5 Qxc5 26. Nb3 Qb4 27. Kf1 Bb7 28. Rxd8 Rxd8 29. Rd1 Rxd1+ 30. Bxd1 Bf6 31. Be2 Kg7 32. Nd2 Qe7 33. Nb3 Qa3 34. Ke1 h4 35. gxh4 Bxh4 36. g3 Bf6 37. Kf1 Bc8 38. Kg2 Qe7 39. Nd4 Bxd4 40. exd4 Qe6 41. Qc3 Qf6 42. Qe3 Bf5 43. g4 Bd7 44. f4 exf3+ 45. Bxf3 g5 46. Be2 Be6 47. d5 Bd7 48. c5 bxc5 49. Qxc5 Qf4 50. Qf2 Qe4+ 51. Bf3 Qb4 52. Qe3 Qb2+ 53. Kg3 Bxb5 54. Qxg5+ Kf8 55. Qd8+ Kg7 56. Qxc7 Qa1 57. Qf4 Qe1+ 58. Kh3 Bf1+ 59. Bg2 Qc3+ 60. Qg3 Bxg2+ 61. Kxg2 Qd2+ 62. Kf3 Qxd5+ 63. Kf2 Qd2+ 64. Kf3 Kg6 65. Qf4 Qd1+ 66. Kg2 Qc2+ 67. Kg3 f6 68. Qf3 Qb1 69. Kg2 Kg5 0-1


[Site "https://www.chess.com"]

[Event "Titled Tuesday Blitz June 13 Late 2023"]
[White "Karas, Marek"]
[Black "Altman, Joshua"]
[WhiteFideId "14928558"]
[BlackFideId "426210"]
[WhiteElo "2229"]
[BlackElo "2028"]
[Result "1-0"]
[Round "5"]
[TimeControl "180+2"]
[Date "2023.06.13"]
[WhiteClock "0:00:28"]
[BlackClock "0:00:00"]
[Board "84"]

1. Na3 e5 2. c3 Nf6 3. g3 Nc6 4. Bg2 Bxa3 5. bxa3 d5 6. d3 O-O 7. Nf3 h6 8. O-O Bf5 9. Nd2 Qd7 10. Rb1 b6 11. c4 Bh3 12. cxd5 Bxg2 13. Kxg2 Qxd5+ 14. Kg1 Qxa2 15. Nc4 Nd4 16. Bb2 b5 17. Ra1 Qb3 18. Bxd4 bxc4 19. Qxb3 cxb3 20. Bxe5 Rfe8 21. Bxf6 gxf6 22. e3 a5 23. a4 Red8 24. d4 Rab8 25. Rfb1 Rb4 26. Ra3 Rdb8 27. Kf1 Kf8 28. Ke2 Ke7 29. Kd3 Kd6 30. Kc3 b2 31. Ra2 Kd5 32. Rbxb2 Rc4+ 33. Kd3 Rxb2 34. Rxb2 Rxa4 35. Rb5+ Ke6 36. Rc5 Kd6 37. Rf5 Ke6 38. Rh5 Ra2 39. f4 a4 40. Ke4 a3 41. Ra5 Rxh2 42. Ra6+ Ke7 43. Rxa3 Rg2 44. Kf3 Rc2 45. Ra5 Ke6 46. Rh5 c5 47. d5+ Kd6 48. e4 Rc3+ 49. Kg4 c4 50. Rxh6 Ke7 51. Kf5 Rxg3 52. Rxf6 Rg6 53. e5 c3 54. d6+ Ke8 55. d7+ Ke7 56. Rxf7+ Kd8 57. e6 1-0


[Site "https://www.chess.com"]

[Event "Titled Tuesday Blitz June 13 Late 2023"]
[White "Korkmaz, Necmettin"]
[Black "Papayan, Oleg"]
[WhiteFideId "6303285"]
[BlackFideId "4193911"]
[WhiteElo "2097"]
[BlackElo "2167"]
[Result "1-0"]
[Round "5"]
[TimeControl "180+2"]
[Date "2023.06.13"]
[WhiteClock "0:01:17"]
[BlackClock "0:00:00"]
[Board "85"]

1. e4 e5 2. Nf3 Nc6 3. Bc4 Nf6 4. d4 exd4 5. O-O d6 6. c3 dxc3 7. Qb3 Qd7 8. Nxc3 Na5 9. Qb5 Nxc4 10. Qxc4 Qc6 11. Qd3 Bg4 12. Nd4 Qa6 13. Qg3 O-O-O 14. Nd5 Be6 15. Bg5 Nxe4 16. Qe3 Bxd5 17. Bxd8 Kxd8 18. f3 Nc5 19. Qg5+ Be7 20. Qxd5 Bf6 21. Rad1 Re8 22. Qxf7 Nd3 23. Ne6+ Rxe6 24. Qxe6 Nxb2 25. Rde1 Qb6+ 26. Kh1 1-0


[Site "https://www.chess.com"]